AoeStats
← Beta

Fortress

510341303Analyzed
1v1 RM · 21h ago on Sep 30, 2026· 23m 43s· 2 players
Game mode
Random Map
Map size
Small (3 player)
Population
200
Speed
Normal
Resources
Standard
Victory
Conquest
Starting age
Dark Age
Ending age
Imperial Age
RankedLock teamsTeams togetherTeam positionsShared explorationLock speedFull tech treeHidden civsTurbo modeCheats
Victory
Defeat
🇩🇪 Vietnamese · Germany
863
+15
🇬🇧 Bohemians · United Kingdom
833
-15
charmandy93tag
8:18 Feudal Age
12:21 Castle Age
10:35 Double-Bit Axe
11:18 Horse Collar
12:46 Loom
13:39 Wheelbarrow
13:20 Bow Saw
16:09 Fletching
Beta
6:55 Feudal Age
12:05 Castle Age
10:59 Loom
11:13 Fletching
11:23 Padded Archer Armor
11:36 Double-Bit Axe
11:41 Horse Collar
12:10 Gold Mining
13:17 Bow Saw
14:56 Heavy Plow
15:27 Squires
16:46 Bodkin Arrow
19:50 Crossbowman
20:36 Thumb Ring
Connection lost

Rejoining the realm…

Still unreachable

The connection could not be restored.

Session expired

The server has moved on; the page needs a fresh start.